 Dungeon Crawl Stone Soup version 0.31.0-11-ge490571c62 (webtiles) character file.

Game seed: 3218861683520943372

5429 hadoken the Thaumaturge (level 10, 0/50 HPs)
             Began as a Deep Elf Earth Elementalist on Jan 29, 2024.
             Was an Elder of Sif Muna.
             Slain by a yak (12 damage)
             ... on level 9 of the Dungeon.
             The game lasted 00:18:06 (9684 turns).

hadoken the Thaumaturge (DEEE)                      Turns: 9684, Time: 00:18:07

Health: 0/50       AC:  8    Str:  5    XL:     10   Next: 40%
Magic:  1/26       EV: 16    Int: 31    God:    Sif Muna [****..]
Gold:   543        SH:  0    Dex: 15    Spells: 17/29 levels left

rFire   . . .        G - staff of conjuration
rCold   . . .        (no shield)
rNeg    . . .        a - +0 robe
rPois   .            H - +2 hat
rElec   .            e - +0 cloak
rCorr   .            E - +1 pair of gloves {infuse}
SInv    .            l - +0 pair of boots
Will    +....        v - amulet of faith
Stlth   +++          K - ring of wizardry
HPRegen 0.28/turn    A - +6 ring of intelligence
MPRegen 0.20/turn

%: faith, wizardry (x1), infuse magic (1 MP)
@: no status effects
A: no striking features
a: Renounce Religion, Channel Magic, Forget Spell, Divine Exegesis


You were on level 9 of the Dungeon.
You worshipped Sif Muna.
Sif Muna was greatly pleased with you.
You visited 2 branches of the dungeon, and saw 10 of its levels.

You collected 543 gold pieces.

Inventory:

Hand Weapons
 s - a +2 rapier of draining
Missiles
 k - 13 boomerangs (quivered)
 r - 49 stones
 u - a throwing net
Armour
 a - a +0 robe (worn)
 e - a +0 cloak (worn)
 l - a +0 pair of boots (worn)
 p - a +0 helmet
 D - a +2 pair of gloves
 E - a +1 pair of gloves of infusion (worn)
 H - a +2 hat (worn)
Magical Staves
 G - a staff of conjuration (weapon)
Jewellery
 f - a ring of flight
 j - a ring of willpower
 q - an amulet of guardian spirit
 v - an amulet of faith (around neck)
 A - a +6 ring of intelligence (right hand)
 C - a ring of poison resistance
 F - a ring of willpower
 K - a ring of wizardry (left hand)
Wands
 g - a wand of roots (27)
 w - a wand of flame (86)
 I - a wand of mindburst (23)
Scrolls
 h - a scroll of acquirement {unknown}
 n - a scroll of enchant weapon {unknown}
 t - a scroll of silence {unknown}
 x - 2 scrolls of vulnerability {unknown}
 y - a scroll of brand weapon {unknown}
 B - 2 scrolls of fear {unknown}
 J - a scroll of teleportation
 L - a scroll of amnesia
Potions
 b - a potion of magic
 c - a potion of attraction
 i - 3 potions of enlightenment {unknown}
 m - a potion of ambrosia
 o - a potion of curing
 z - 3 potions of mutation {unknown}


   Skills:
 - Level 0.8 Short Blades
 + Level 9.2 Dodging
 - Level 3.9 Stealth
 + Level 10.1 Spellcasting
 + Level 8.1 Conjurations
 + Level 8.8 Earth Magic
 + Level 4.1 Alchemy


You had 17 spell levels left.
You knew the following spells:

 Your Spells              Type           Power      Damage    Failure   Level
a - Sandblast             Erth           100%       2d20      1%          1
b - Stone Arrow           Conj/Erth      100%       3d13      1%          3
c - Brom's Barrelling Bo  Conj/Erth      80%        2d9       1%          4
d - Olgreb's Toxic Radia  Alch           41%        N/A       2%          4

Your spell library contained the following spells:

 Spells                   Type           Power      Damage    Failure   Level
 Apportation              Tloc           30%        N/A       1%          1
 Magic Dart               Conj           100%       1d8       1%          1
 Sting                    Conj/Alch      100%       1d9       1%          1
 Summon Small Mammal      Summ           60%        N/A       1%          1
 Blink                    Tloc           30%        N/A       1%          2
 Call Imp                 Summ           30%        N/A       1%          2
 Ensorcelled Hibernation  Hex/Ice        30%        N/A       1%          2
 Jinxbite                 Hex            30%        N/A       1%          2
 Lesser Beckoning         Tloc           30%        N/A       1%          2
 Mercury Vapours          Alch/Air       56%        N/A       1%          2
 Scorch                   Fire           30%        2d6       1%          2
 Searing Ray              Conj           100%       2d8       1%          2
 Passwall                 Erth           63%        N/A       1%          3
 Fulminant Prism          Conj/Alch      34%        3d15      1%          4
 Petrify                  Alch/Erth      54%        N/A       1%          4
 Flame Wave               Conj/Fire      57%        2d14      2%          4
 Call Canine Familiar     Summ           15%        N/A       4%          3
 Fugue of the Fallen      Necr           15%        N/A       4%          3
 Gell's Gravitas          Tloc           15%        N/A       4%          3
 Teleport Other           Tloc           15%        N/A       4%          3
 Alistair's Intoxication  Alch           27%        N/A       6%          5
 Anguish                  Hex/Necr       7%         N/A       13%         4
 Summon Blazeheart Golem  Fire/Summ      15%        N/A       13%         4
 Summon Cactus Giant      Summ           7%         N/A       86%         6


Dungeon Overview and Level Annotations

Branches:
Dungeon (9/15)             Temple (1/1) D:4
   Lair: D:8-11         Orc: D:9-12

Altars:
Ashenzari
Cheibriados
Dithmenos
Elyvilon
Fedhas
Gozag
Hepliaklqana
Kikubaaqudgha
Nemelex Xobeh
Okawaru
Qazlal
Ru
Sif Muna
Trog
Uskayaw
Vehumet
Wu Jian
Xom
Yredelemnul
Zin

Annotations:
D:3 1 runed translucent door, mopl's ghost, amateur OpSh


Message History

The yak looks even sicker.
The yak gores you but does no damage.
Your toxic aura wanes.
You kill the yak!
Sif Muna accepts your kill. The yak misses you. The yak gores you!
Your Alchemy skill increases to level 4!
You hit the yak.
The yak is moderately wounded.
You kill the yak!
Sif Muna accepts your kill. The yak gores you! The yak closely misses you.
The yak misses you. The yak completely misses you.
Casting: Olgreb's Toxic Radiance (dangerous; 2% risk of failure)
Confirm with . or Enter, or press ? or * to list all spells.
Aiming: Stone Arrow (safe; 1% risk of failure)
Press: ? - help, Shift-Dir - straight line, f - yak
Aim: a yak (moderately wounded, very poisoned, 87% to hit)
Okay, then.
Casting: Stone Arrow (safe; 1% risk of failure)
Confirm with . or Enter, or press ? or * to list all spells.
You begin to radiate toxic energy.
The yak looks as sick as possible!
The yak looks even sicker. x2; The yak gores you!
* * * LOW HITPOINT WARNING * * *
The yak barely misses you.
Unknown command.
You hit the yak.
The yak is heavily wounded.
The yak looks as sick as possible!
The yak gores you!
* * * LOW HITPOINT WARNING * * *
The yak misses you.
You feel much better.
The yak looks as sick as possible!
Your toxic aura wanes.
The yak gores you!
* * * LOW HITPOINT WARNING * * *
The yak misses you. The yak attacks as it pursues you! The yak misses you.
The yak attacks as it pursues you! The yak gores you.
* * * LOW HITPOINT WARNING * * *
The yak attacks as it pursues you! The yak gores you!
You die...

#...........####.##.
#...........# #..).
#...........# ####.
#...........# #.
#...........# #.
#########.### ##
#.......#
##.##########
#.@.........##
#.Y...........
#..Y........#
#....†......#
#...†.......#
#...........#
#........)..#
####.######## #.#


You could see 2 yaks.

Vanquished Creatures
  A two-headed ogre (D:9)
  A kobold demonologist (D:9)
  Prince Ribbit (D:5)
  Sigmund (D:5)
  4 yaks (D:9)
  Duvessa (D:4)
  A water moccasin (D:4)
  An orc warrior (D:8)
  2 ice beasts
  3 black bears
  An ogre (D:7)
  A centaur (D:5)
  A phantom (D:5)
  4 kobold brigands
  2 bullfrogs (D:8)
  3 scorpions
  4 wights (D:7)
  Dowan (D:4)
  16 killer bees
  A howler monkey (D:4)
  A jelly (D:7)
  5 orc priests
  3 hounds
  A gnoll bouda (D:4)
  3 iguanas
  Crazy Yiuf (D:5)
  2 sleepcaps
  Ijyb (D:4)
  Natasha (thrice) (D:3)
  9 orc wizards
  4 gnolls (D:4)
  8 adders
  2 shadow imps
  2 ufetubi (D:7)
  4 dart slugs
  A ribbon worm (D:2)
  38 orcs
  8 ball pythons
  7 endoplasms
  5 giant cockroaches
  4 goblins
  6 hobgoblins
  11 jackals
  5 quokkas
  8 bats
  3 frilled lizards
  21 kobolds
  7 rats
223 creatures vanquished.

Vanquished Creatures (collateral kills)
  3 kobolds (D:7)
  3 boulders
6 creatures vanquished.

Vanquished Creatures (others)
  7 boulders
7 creatures vanquished.

Grand Total: 236 creatures vanquished

Notes
Turn   | Place    | Note
-------+----------+-------------------------------------------
     0 | D:1      | hadoken the Deep Elf Earth Elementalist began the quest for
                  | the Orb.
     0 | D:1      | Reached XP level 1. HP: 10/10 MP: 6/6
   245 | D:1      | Reached XP level 2. HP: 15/15 MP: 5/8
   951 | D:1      | Reached XP level 3. HP: 19/19 MP: 7/9
   955 | D:1      | Learned a level 3 spell: Stone Arrow
  1446 | D:2      | Reached XP level 4. HP: 24/24 MP: 6/11
  1781 | D:2      | Learned a level 4 spell: Brom's Barrelling Boulder
  2422 | D:3      | Reached skill level 4 in Spellcasting
  2495 | D:3      | Found a runed translucent door.
  2495 | D:3      | Noticed mopl's ghost (amateur OpSh)
  2509 | D:3      | Reached XP level 5. HP: 26/28 MP: 9/13
  2552 | D:3      | Noticed Natasha
  2555 | D:3      | Killed Natasha
  2595 | D:3      | Found an ornate altar of the Wu Jian Council.
  2624 | D:3      | Noticed Natasha
  2630 | D:3      | Killed Natasha
  2926 | D:3      | Noticed Natasha
  2929 | D:3      | Killed Natasha
  3028 | D:3      | Found a sparkling altar of Nemelex Xobeh.
  3028 | D:3      | Found an opulent altar of Gozag.
  3091 | D:3      | Reached XP level 6. HP: 7/32 MP: 10/14
  3356 | D:4      | Found a staircase to the Ecumenical Temple.
  3373 | Temple   | Entered the Ecumenical Temple
  3416 | Temple   | Became a worshipper of Sif Muna the Loreminder
  3506 | D:4      | Reached skill level 5 in Spellcasting
  3767 | D:4      | Reached skill level 5 in Earth Magic
  3818 | D:4      | Noticed Ijyb
  3822 | D:4      | Killed Ijyb
  3823 | D:4      | Reached XP level 7. HP: 36/36 MP: 10/17
  3908 | D:4      | Identified the +0 ice dragon scales "Xonkeuff" {rF- rC++
                  | rN++ Will+ MP+9 Str-4}
  4020 | D:4      | Reached skill level 5 in Dodging
  4205 | D:4      | Noticed Dowan
  4206 | D:4      | Noticed Duvessa
  4258 | D:4      | Killed Dowan
  4274 | D:4      | Killed Duvessa
  4275 | D:4      | Reached skill level 6 in Spellcasting
  4703 | D:4      | Reached * piety under Sif Muna
  4782 | D:5      | Entered Level 5 of the Dungeon
  4829 | D:5      | Found a blossoming altar of Fedhas.
  4830 | D:5      | Noticed Prince Ribbit
  4837 | D:5      | Killed Prince Ribbit
  4838 | D:5      | Reached skill level 5 in Conjurations
  4838 | D:5      | Reached XP level 8. HP: 38/41 MP: 8/20
  5216 | D:5      | Reached skill level 7 in Spellcasting
  5833 | D:5      | Found a stormy altar of Qazlal.
  5980 | D:5      | Noticed Sigmund
  5982 | D:5      | Killed Sigmund
  5982 | D:5      | Reached ** piety under Sif Muna
  6053 | D:5      | Found a runed translucent door.
  6154 | D:5      | Noticed Crazy Yiuf
  6158 | D:5      | Killed Crazy Yiuf
  6159 | D:5      | Reached skill level 8 in Spellcasting
  6450 | D:6      | Found a radiant altar of Vehumet.
  6565 | D:6      | Reached XP level 9. HP: 42/45 MP: 8/23
  7518 | D:7      | Identified the +2 chain mail "Nucsej" {Int+3 Dex-4}
  8038 | D:7      | Reached *** piety under Sif Muna
  8187 | D:7      | Learned a level 4 spell: Olgreb's Toxic Radiance
  8282 | D:7      | Reached skill level 1 in Alchemy
  8417 | D:8      | Reached skill level 9 in Spellcasting
  9099 | D:8      | Found a sacrificial altar of Ru.
  9115 | D:8      | Reached **** piety under Sif Muna
  9377 | D:9      | Reached XP level 10. HP: 34/50 MP: 12/25
  9508 | D:9      | Noticed a two-headed ogre
  9517 | D:9      | Killed a two-headed ogre
  9672 | D:9      | Reached skill level 10 in Spellcasting
  9684 | D:9      | Slain by a yak

Illustrated notes

Levels and vault maps discovered:
D:1:      dpeg_arrival_chambers_temple_mockup, layout_basic,
          nicolae_figureground_sparkle
D:2:      layout_loops_ring, ebering_dispersal_statue_hall,
          minmay_randomly_rotated_circles
D:3:      wander_river, layout_basic, grunt_temple_overflow_opulence,
          nicolae_wu_jian_wuxing_cycle, gammafunk_ghost_grave,
          minmay_misc_feat_rugged, uniq_natasha
D:4:      layout_gridville, minmay_temple_entry_statues_pillars,
          serial_co_window_serial, co_window_corner_a, co_window_corner_a,
          co_window_corner_a, co_window_corner_a, co_window_corner_a,
          co_window_of_opportunity_a, co_window_paths_a, co_window_corner_cb,
          co_window_paths_c, co_window_broadway_a, co_window_broadway_c,
          co_window_of_opportunity_c, glass_columns_a, uniq_ijyb, uniq_duvessa
D:5:      layout_gridville, nicolae_qazlal_scattered_showers,
          fedhas_ov_isle_minmay, uniq_sigmund, uniq_crazy_yiuf_cottage,
          uniq_prince_ribbit1
D:6:      layout_loops_ring, mainiacjoe_overflow_cross_hatched,
          minmay_strange_pillars
D:7:      layout_basic
D:8:      layout_gridville, nicolae_ru_path_of_blood
D:9:      layout_roguey, marbit_many_paths, special_room [special_room_bee]
Temple:   hellmonk_temple_forest_ring

Skill      XL: |  1  2  3  4  5  6  7  8  9 10 |
---------------+-------------------------------+-----
Stealth        | 3 |  3.9
Dodging        | 3 4 6 7 8 9 |  9.2
Conjurations   | 2 3 5 6 7 8 |  8.1
Earth Magic    | 4 5 6 7 8 |  8.8
Spellcasting   | 4 5 6 8 9 10 | 10.1
Alchemy        | 3 4 |  4.1
Short Blades   | |  0.8

Action                     |  1- 3 |  4- 6 |  7- 9 | 10-12 || total
---------------------------+-------+-------+-------+-------++-------
  Melee: Unarmed           |     6 |       |       |       ||     6
         Rapier            |       |    22 |    55 |       ||    77
         Punch             |       |       |     2 |       ||     2
         Staff             |       |       |    35 |     8 ||    43
  Throw: Boomerang         |       |       |     9 |       ||     9
   Cast: Sandblast         |    47 |    58 |    23 |     1 ||   129
         Stone Arrow       |     1 |    10 |    88 |     6 ||   105
         Brom's Barrelling |       |       |    15 |       ||    15
         Olgreb's Toxic Ra |       |       |     9 |     6 ||    15
    Use: Scroll            |       |     1 |     6 |       ||     7
         Potion            |       |     1 |     4 |     1 ||     6
   Stab: Sleeping          |       |       |     1 |       ||     1
 Armour: Robe              |    14 |    42 |   111 |    14 ||   181
  Dodge: Dodged            |    16 |    45 |   138 |    17 ||   216
